 Dungeon Crawl Stone Soup version 0.20.1-1-g8b1a95d (webtiles) character file.

217 Reinor the Magician (level 5, -1/24 HPs)
             Began as a Spriggan Earth Elementalist on July 17, 2017.
             Slain by a slave (2 damage)
             ... led by Pikel
             ... on level 3 of the Dungeon.
             The game lasted 00:07:58 (1666 turns).

Reinor the Magician (Spriggan Earth Elementalist)   Turns: 1666, Time: 00:07:59

Health: -1/24      AC:  6    Str:  4    XL:     5   Next: 61%
Magic:  13/13      EV: 18    Int: 18    God:
Gold:   76         SH:  0    Dex: 16    Spells: 4/14 levels left

rFire    . . .     SeeInvis +   g - +1 spear (venom)
rCold    + . .     Gourm    .   (shield restricted)
rNeg     . . .     Faith    .   c - +0 robe
rPois    .         Spirit   .   (helmet restricted)
rElec    .         Reflect  .   (no cloak)
rCorr    .         Harm     .   (gloves unavailable)
MR       .....                  (boots unavailable)
Stlth    +.........             i - amulet of regeneration
Regen    0.5/turn               l - ring of protection from cold
MPRegen  0.2/turn               a - +4 ring of protection

@: confused, very quick
A: unfitting armour, see invisible, herbivore 3, speed 3, slow metabolism 2
a: no special abilities


You were on level 3 of the Dungeon.
You were not hungry.

You visited 1 branch of the dungeon, and saw 4 of its levels.

You collected 76 gold pieces.

Inventory:

Hand Weapons
 g - a +1 spear of venom (weapon)
 z - a +0 blowgun
Missiles
 b - 113 stones (quivered)
 y - 8 poisoned needles
Armour
 c - a +0 robe (worn)
Jewellery
 a - a +4 ring of protection (right hand)
 i - an amulet of regeneration (around neck)
 l - a ring of protection from cold (left hand)
Wands
 n - a wand of random effects (40/48)
Scrolls
 j - a scroll of teleportation {unknown}
 s - a scroll of identify {unknown}
 u - a scroll of immolation {unknown}
 v - a scroll of magic mapping {unknown}
 w - a scroll of random uselessness {unknown}
 A - a scroll of fog {unknown}
 C - a scroll of amnesia {unknown}
Potions
 f - 2 potions of lignification {unknown}
 h - a potion of curing {unknown}
 k - a potion of flight {unknown}
 m - a potion of degeneration {unknown}
 o - a potion of heal wounds {unknown}
 q - 2 potions of cancellation {unknown}
 r - a potion of agility {unknown}
 t - a potion of brilliance {unknown}
 x - a potion of mutation {unknown}
 B - a potion of ambrosia {unknown}
Books
 e - a book of Geomancy

   Spells                             Type                      Level
   a - Sandblast                      Earth                        1
   b - Passwall                       Transmutation/Earth          2
   c - Stone Arrow                    Conjuration/Earth            3
   d - Petrify                        Transmutation/Earth          4
   e - Lee's Rapid Deconstruction     Earth                        5
Comestibles
 d - 2 bread rations
 p - a royal jelly


   Skills:
 - Level 3.0 Dodging
 - Level 3.0 Stealth
 + Level 5.0 Spellcasting
 + Level 1.6 Conjurations
 - Level 1.3 Transmutations
 + Level 4.1 Earth Magic


You had 4 spell levels left.
You knew the following spells:

 Your Spells              Type           Power        Failure   Level  Hunger
a - Sandblast             Erth           ###...       2%          1    None
b - Passwall              Tmut/Erth      ##........   6%          2    #......
c - Stone Arrow           Conj/Erth      ###...       12%         3    ##.....
d - Petrify               Tmut/Erth      ##......     38%         4    ####...


Dungeon Overview and Level Annotations

Branches:
Dungeon (4/15)
 Temple: D:4-7

Altars:
Fedhas
Trog

Annotations:
D:3 Pikel


Innate Abilities, Weirdness & Mutations

You are very small and have problems with some larger weapons.
You are too small for most types of armour.
You have supernaturally acute eyesight. (SInv)
You are a herbivore.
You cover ground extremely quickly.
You need consume almost no food.


Message History

Pikel completely misses you.
Unknown command.
The slave completely misses you. Pikel hits you but does no damage.
The slave closely misses you.
You climb upwards.
There is a stone staircase leading down here.
You barely miss the slave. Pikel barely misses you. The slave hits you.
The slave closely misses you. The slave hits you but does no damage.
Unknown command.
You hit the slave but do no damage.
The slave is poisoned.
Pikel hits you with a whip of flaming. Pikel burns you. The slave hits you.
The slave closely misses you. The slave hits you.
Unknown command.
You hit the slave.
The slave is poisoned.
The slave is lightly wounded.
Pikel hits you with a whip of flaming. Pikel burns you.
The slave closely misses you. The slave hits you!
* * * LOW HITPOINT WARNING * * *
The slave hits you.
You die...

############ #).........#
#..........# #..........#
##### #.%........#
....##########.p........###
....'...........@†........#
....##########.pKp......#.#
##### #..........#.#
######### #..........#)#
........## #..........#.#
#######..# ###.########.# #
##.# #.# #.# # #.# #.# #.#
#.## #.# #.#


You could see Pikel and 3 slaves.

Vanquished Creatures
  A necrophage (D:3)
  A jelly (D:3)
  5 adders
  An ooze (D:1)
  A worm (D:2)
  3 leopard geckos (D:1)
  An orc (D:3)
  A giant cockroach (D:1)
  8 goblins
  4 hobgoblins
  9 kobolds
  A ball python (D:2)
  7 bats
  A frilled lizard (D:2)
  3 rats
47 creatures vanquished.

Notes
Turn   | Place    | Note
-------+----------+-------------------------------------------
     0 | D:1      | Reinor the Spriggan Earth Elementalist began the quest for the Orb.
     0 | D:1      | Reached XP level 1. HP: 9/9 MP: 5/5
   274 | D:1      | Reached skill level 3 in Spellcasting
   402 | D:1      | Reached XP level 2. HP: 13/13 MP: 7/7
   409 | D:1      | Learned a level 2 spell: Passwall
   700 | D:2      | Found a bloodstained altar of Trog.
   700 | D:2      | Found a blossoming altar of Fedhas.
   742 | D:2      | Reached XP level 3. HP: 16/16 MP: 9/9
   755 | D:2      | Learned a level 3 spell: Stone Arrow
   884 | D:2      | Reached skill level 4 in Spellcasting
   947 | D:2      | Reached XP level 4. HP: 21/21 MP: 4/11
  1110 | D:3      | Learned a level 4 spell: Petrify
  1209 | D:3      | Noticed a necrophage
  1239 | D:3      | Killed a necrophage
  1239 | D:3      | Reached skill level 1 in Conjurations
  1239 | D:3      | Reached XP level 5. HP: 24/24 MP: 1/13
  1352 | D:3      | Reached skill level 5 in Spellcasting
  1658 | D:4      | Noticed Pikel
  1658 | D:4      | Noticed a slave
  1658 | D:4      | Noticed a slave
  1658 | D:4      | Noticed a slave
  1658 | D:4      | Noticed a slave
  1666 | D:3      | HP: 1/24 [slave[Pikel] (8)]
  1666 | D:3      | Slain by a slave

Skill      XL: |  1  2  3  4  5 |
---------------+----------------+-----
Spellcasting   | 3 4 5 |  5.0
Earth Magic    | 3 4 |  4.1
Conjurations   | 1 |  1.6
Dodging        | |  3.0
Stealth        | |  3.0
Transmutations | |  1.3

Action                   |  1- 3 |  4- 6 || total
-------------------------+-------+-------++-------
Melee: Spear             |    45 |    54 ||    99
 Cast: Sandblast         |    21 |    12 ||    33
       Stone Arrow       |       |     1 ||     1
  Use: Scroll            |       |     2 ||     2
 Stab: Sleeping          |     3 |     3 ||     6
Armor: Robe              |     5 |     7 ||    12
Dodge: Dodged            |    49 |    46 ||    95
